 Dungeon Crawl Stone Soup version 0.20.1-1-g8b1a95d66d (webtiles) character file.

137 Peloso the Shield-Bearer (level 5, -2/47 HPs)
             Began as a Minotaur Fighter on Dec 26, 2017.
             Slain by Sigmund
             ... wielding a +0 scythe
              (3 damage)
             ... on level 3 of the Dungeon.
             The game lasted 00:04:38 (1807 turns).

Peloso the Shield-Bearer (Minotaur Fighter)         Turns: 1807, Time: 00:04:39

Health: -2/47      AC:  7    Str: 20    XL:     5   Next: 0%
Magic:  4/4        EV:  8    Int:  5    God:
Gold:   104        SH: 10    Dex: 11    Spells: 4/4 levels left

rFire    . . .     SeeInvis .   a - +1 long sword
rCold    + . .     Gourm    .   c - +1 shield
rNeg     . . .     Faith    .   b - +0 scale mail
rPois    .         Spirit   .   (helmet restricted)
rElec    .         Reflect  .   (no cloak)
rCorr    .         Harm     .   (no gloves)
MR       .....                  (no boots)
Stlth    ..........             (no amulet)
Regen    0.2/turn               o - ring of protection from cold
MPRegen  0.1/turn               (no ring)

@: no status effects
A: retaliatory headbutt, horns 2
a: no special abilities


You were on level 3 of the Dungeon.
You were not hungry.

You visited 1 branch of the dungeon, and saw 3 of its levels.

You collected 104 gold pieces.

Inventory:

Hand Weapons
 a - a +1 long sword (weapon)
Armour
 b - a +0 scale mail (worn)
 c - a +1 shield (worn)
Jewellery
 o - a ring of protection from cold (left hand)
Wands
 d - a wand of confusion (14/48)
Scrolls
 e - a scroll of amnesia {unknown}
 g - a scroll of enchant weapon
 k - a scroll of remove curse
 l - 4 scrolls of identify
 n - a scroll of recharging
 r - a scroll of magic mapping {unknown}
 s - a scroll of teleportation {unknown}
 u - a scroll of fog {unknown}
Potions
 i - a potion of heal wounds
 j - 2 potions of curing
 m - a potion of flight {unknown}
 t - a potion of brilliance {unknown}
Comestibles
 f - 3 bread rations
 h - 4 royal jellies
 p - a meat ration
 q - 5 chunks of flesh


   Skills:
 + Level 4.3 Fighting
 + Level 3.5 Long Blades
 + Level 4.5 Armour
 + Level 1.3 Dodging
 + Level 0.1 Stealth
 + Level 4.7 Shields


You had 4 spell levels left.
You didn't know any spells.

Dungeon Overview and Level Annotations

Branches:
Dungeon (3/15)

Altars:
Ashenzari
Fedhas
Ru

Annotations:
D:3 Sigmund


Innate Abilities, Weirdness & Mutations

You reflexively headbutt those who attack you in melee.
You have a pair of horns on your head.


Message History

You have reached level 5!
A magic dart appears from out of thin air!
The magic dart hits you! Something hits you!
* * * LOW HITPOINT WARNING * * *
Things that are here:
a dagger; a kobold corpse You miss something.
You headbutt something. You miss something. You headbutt something!
Something hits you.
* * * LOW HITPOINT WARNING * * *
You hit something. Something hits you.
* * * LOW HITPOINT WARNING * * *
You closely miss something. You headbutt something! Something hits you.
* * * LOW HITPOINT WARNING * * *
Your shield and scale mail prevent you from hitting something.
Something hits you but does no damage.
You miss something. Your headbutt misses something.
Something hits you but does no damage.
You miss something. Your headbutt misses something. Something hits you.
You die...

.......... .........
#.....############
#............#
#............#
#............#####
#............#(..####
#.#####....###...##..
#.b{@.'....'.†...'..#
#######....###...####
#####.[..# #...#
#........# #...#
###......#.# #...# ##
#........#...+...###.
+........+.###...##..
#........### #...##..
#.....#### #.####..


You could see a bat.

Vanquished Creatures
  Ijyb (D:3)
  4 adders
  An ooze (D:2)
  5 worms
  A dart slug (D:1)
  3 leopard geckos
  4 orcs (D:3)
  2 ball pythons (D:1)
  5 bats
  3 goblins
  3 hobgoblins (D:2)
  2 jackals (D:1)
  7 kobolds
  2 quokkas (D:3)
  4 frilled lizards
  5 rats (D:2)
52 creatures vanquished.

Notes
Turn   | Place    | Note
-------+----------+-------------------------------------------
     0 | D:1      | Peloso the Minotaur Fighter began the quest for the Orb.
     0 | D:1      | Reached XP level 1. HP: 19/19 MP: 0/0
   242 | D:1      | Reached XP level 2. HP: 25/27 MP: 1/1
   906 | D:2      | Found a blossoming altar of Fedhas.
   944 | D:2      | Reached XP level 3. HP: 33/33 MP: 2/2
  1033 | D:2      | Found a shattered altar of Ashenzari.
  1099 | D:2      | Reached skill level 1 in Dodging
  1292 | D:2      | Reached XP level 4. HP: 39/40 MP: 3/3
  1631 | D:3      | Found a sacrificial altar of Ru.
  1700 | D:3      | Noticed Ijyb
  1736 | D:3      | Killed Ijyb
  1781 | D:3      | Noticed Sigmund
  1799 | D:3      | Reached XP level 5. HP: 23/47 MP: 4/4
  1804 | D:3      | HP: 1/47 [something (3)]
  1807 | D:3      | Slain by Sigmund

Skill      XL: |  1  2  3  4 |
---------------+-------------+-----
Shields        | 4 |  4.7
Fighting       | 4 |  4.3
Armour         | 4 |  4.5
Dodging        | 1 |  1.3
Long Blades    | 3 |  3.5
Stealth        | |  0.1

Action                   |  1- 3 |  4- 6 || total
-------------------------+-------+-------++-------
Melee: Long sword        |   133 |    70 ||   203
       Headbutt          |     9 |    16 ||    25
  Use: Potion            |     3 |     5 ||     8
       Scroll            |       |     6 ||     6
  Eat: Chunk             |     1 |     2 ||     3
Armor: Scale mail        |    76 |    32 ||   108
Dodge: Dodged            |    47 |    23 ||    70
Block: Shield            |    71 |    31 ||   102
       Rpst.: Long sword |     8 |     5 ||    13
